 Dungeon Crawl Stone Soup version 0.21.1-1-g345015f (webtiles) character file.

207 sking99 the Sneak (level 5, -8/34 HPs)
             Began as an Octopode Assassin on June 26, 2018.
             Shot with an arrow by a centaur (12 damage)
             ... on level 4 of the Dungeon.
             The game lasted 00:10:01 (2968 turns).

sking99 the Sneak (Octopode Assassin)               Turns: 2968, Time: 00:10:02

Health: -8/34      AC:  1    Str: 10    XL:     5   Next: 85%
Magic:  5/5        EV: 13    Int: 13    God:
Gold:   151        SH:  0    Dex: 15    Spells: 4/4 levels left

rFire    . . .     SeeInvis .   a - +2 dagger
rCold    . . .     Gourm    .   (no shield)
rNeg     . . .     Faith    .   (helmet restricted)
rPois    .         Spirit   .   (no amulet)
rElec    .         Reflect  .   e - +1 ring of slaying
rCorr    .         Harm     .   (no ring)
MR       .....                  (no ring)
Stlth    +++++.....             (no ring)
HPRegen  0.11/turn              (no ring)
MPRegen  0.09/turn              (no ring)
                                (no ring)
                                (no ring)

@: no status effects
A: almost no armour, stealthy swim, amphibious, 8 rings, constrict 8, camouflage
1, gelatinous body 1
a: no special abilities


You were on level 4 of the Dungeon.
You were not hungry.

You visited 1 branch of the dungeon, and saw 4 of its levels.

You collected 151 gold pieces.

Inventory:

Hand Weapons
 a - a +2 dagger (weapon)
 b - a +0 blowgun
Missiles
 c - 13 poisoned needles
 d - 2 curare-tipped needles
Jewellery
 e - a +1 ring of slaying (left tentacle)
Scrolls
 l - a scroll of identify
 n - a scroll of immolation
Potions
 g - a potion of lignification
 k - a potion of flight {unknown}
 p - a potion of heal wounds {unknown}
Comestibles
 f - 9 rations
 m - a chunk of flesh


   Skills:
 - Level 2.0 Fighting
 - Level 2.0 Short Blades
 * Level 4.9 Throwing
 - Level 1.0 Dodging
 + Level 7.0 Stealth


You had 4 spell levels left.
You didn't know any spells.

Dungeon Overview and Level Annotations

Branches:
Dungeon (4/15)
 Temple: D:4-7

Altars:
Ashenzari
Fedhas
Gozag
Hepliaklqana
Qazlal
Wu Jian
The Shining One


Innate Abilities, Weirdness & Mutations

You cannot wear most types of armour.
You are very stealthy in the water. (Stealth+)
You are amphibious.
You can wear up to eight rings at the same time.
You can use your tentacles to constrict eight enemies at once.
Your skin changes colour to match your surroundings (Stealth+).
Your rubbery body absorbs attacks. (AC +1, EV +1)


Message History

The centaur closely misses you.
Some of the chunks of flesh in your inventory have rotted away.
Firing (i - inventory. (,) - cycle):
c - 14 poisoned needles (quivered)
Press: ? - help, Shift-Dir - straight line, f/p - centaur
Aim: a centaur (poisoned)
You shoot a poisoned needle. The poisoned needle hits the centaur.
The centaur hits you.
a - a +2 dagger (weapon)
The centaur hits you.
The centaur wields an uncursed shortbow.
The centaur shoots an arrow.
The arrow hits you!
* * * LOW HITPOINT WARNING * * *
You see here an arrow.
Unknown command.
The centaur unwields an uncursed shortbow.
The centaur closely misses you.
The centaur looks more healthy.
The centaur wields an uncursed shortbow.
The centaur shoots an arrow.
The arrow hits you!
You die...

##****### #..,,,..#
#.#####§# #.#..c#.##
#.#.#.)<.#**********
#.#.@.#........,,,,*
#.##(##.#######***,*
######.§.....# *,*
#.....(##.#### **,**
#.PPP.P.#.#********
*,,,,
#,PcP.P...#,,,,,,,*
*,,,,
*,PP_PP####,,,,>,,*
*,,,, **,,PPP.#
*,,,,,,,******,*
*,,.PP,.#*
*,,,,,,,**,,,,,,


You could see a centaur.

Vanquished Creatures
  Ijyb (D:4)
  A worker ant (D:2)
  3 gnolls (D:3)
  3 adders (D:2)
  2 oozes
  2 worms (D:3)
  2 dart slugs
  2 leopard geckos
  2 orcs
  A ball python (D:3)
  4 giant cockroaches
  5 goblins
  7 hobgoblins
  7 jackals
  2 quokkas (D:3)
  5 bats
  6 frilled lizards
  13 kobolds
  16 rats
84 creatures vanquished.

Notes
Turn   | Place    | Note
-------+----------+-------------------------------------------
     0 | D:1      | sking99 the Octopode Assassin began the quest for the Orb.
     0 | D:1      | Reached XP level 1. HP: 14/14 MP: 1/1
    63 | D:1      | Reached XP level 2. HP: 18/19 MP: 2/2
   641 | D:1      | Reached XP level 3. HP: 24/24 MP: 3/3
   977 | D:2      | Reached skill level 6 in Stealth
   980 | D:2      | Found a stormy altar of Qazlal.
  1095 | D:2      | Found an ornate altar of the Wu Jian Council.
  1116 | D:2      | Reached XP level 4. HP: 29/29 MP: 4/4
  1983 | D:2      | Reached XP level 5. HP: 30/34 MP: 5/5
  2296 | D:3      | Found a shattered altar of Ashenzari.
  2298 | D:3      | Found a hazy altar of Hepliaklqana.
  2299 | D:3      | Found an opulent altar of Gozag.
  2308 | D:3      | Found a glowing golden altar of the Shining One.
  2943 | D:4      | Noticed a centaur
  2945 | D:4      | Found a blossoming altar of Fedhas.
  2946 | D:4      | Noticed Ijyb
  2959 | D:4      | Killed Ijyb
  2959 | D:4      | Reached skill level 7 in Stealth
  2968 | D:4      | Shot with an arrow by a centaur

Skill      XL: |  1  2  3  4  5 |
---------------+----------------+-----
Throwing       | 3 4 |  4.9
Stealth        | 6 7 |  7.0
Fighting       | |  2.0
Short Blades   | |  2.0
Dodging        | |  1.0

Action                   |  1- 3 |  4- 6 || total
-------------------------+-------+-------++-------
Melee: Dagger            |    74 |    72 ||   146
       Constrict         |    18 |    13 ||    31
       Tentacles         |     6 |    14 ||    20
 Fire: Blowgun           |       |    11 ||    11
  Use: Scroll            |       |     6 ||     6
 Stab: Sleeping          |    12 |    20 ||    32
       Distracted        |     1 |       ||     1
  Eat: Chunk             |     1 |     5 ||     6
Armor: Skin              |     7 |     2 ||     9
Dodge: Dodged            |    31 |    28 ||    59
